[Event "Titled Tuesday Blitz July 4 Early 2023"]
[White "Sovetbekova, Nurai"]
[Black "Pham, Le Thao Nguyen"]
[WhiteFideId "13801910"]
[BlackFideId "12401226"]
[WhiteElo "2351"]
[BlackElo "2484"]
[Result "0-1"]
[Round "5"]
[TimeControl "180+2"]
[Date "2023.07.04"]
[WhiteClock "0:00:00"]
[BlackClock "0:00:06"]
[Board "174"]

1. d4 d5 2. c4 dxc4 3. e4 Nf6 4. e5 Nd5 5. Bxc4 Nb6 6. Bb5+ Bd7 7. Bxd7+ Qxd7 8. Nc3 Nc6 9. Nf3 e6 10. O-O O-O-O 11. Be3 h6 12. a3 f5 13. b4 g5 14. b5 Na5 15. Na4 Qxb5 16. Nxb6+ axb6 17. Rb1 Qd5 18. a4 Rh7 19. Rb5 Qa2 20. Bd2 Nc4 21. Bc3 Rhd7 22. Ne1 c6 23. Rb1 Nxe5 24. Rxb6 Qd5 25. Qb1 Nc4 26. Rb4 Bxb4 27. Qxb4 Nd6 28. Nd3 Ne4 29. Ba1 Qd6 30. Qb1 Rc7 31. Rd1 Qa3 32. f3 Nc3 33. Bxc3 Qxc3 34. Nc5 Rxd4 35. Nxe6 Qe3+ 36. Kh1 Rxd1+ 37. Qxd1 Qxe6 0-1


[Site "https://www.chess.com"]

[Event "Titled Tuesday Blitz July 4 Early 2023"]
[White "Mica, Marek"]
[Black "Kostiukov, Alexandr"]
[WhiteFideId "382884"]
[BlackFideId "14108100"]
[WhiteElo "2483"]
[BlackElo "2291"]
[Result "1-0"]
[Round "5"]
[TimeControl "180+2"]
[Date "2023.07.04"]
[WhiteClock "0:01:02"]
[BlackClock "0:00:00"]
[Board "175"]

1. d4 g6 2. c4 Bg7 3. h4 Nf6 4. Nc3 c5 5. d5 e6 6. e4 exd5 7. exd5 O-O 8. Be2 Re8 9. Kf1 d6 10. h5 Nbd7 11. h6 Bh8 12. Bg5 Qb6 13. b3 Ne4 14. Nxe4 Rxe4 15. Bd3 Re8 16. Nf3 Ne5 17. Nxe5 Bxe5 18. Rc1 Bd4 19. Rh4 Bd7 20. Qf3 f5 21. Bd2 Re7 22. Re1 Rae8 23. Rxe7 Rxe7 24. Qg3 Qa6 25. Qg5 Kf7 26. a4 Bf6 27. Qg3 Qb6 28. Bc2 Bxh4 29. Qxh4 Qd8 30. Qg3 1-0


[Site "https://www.chess.com"]

[Event "Titled Tuesday Blitz July 4 Early 2023"]
[White "Kuchava, Ana"]
[Black "Miszler, Levente"]
[WhiteFideId "13605348"]
[BlackFideId "763276"]
[WhiteElo "2284"]
[BlackElo "2466"]
[Result "0-1"]
[Round "5"]
[TimeControl "180+2"]
[Date "2023.07.04"]
[WhiteClock "0:00:35"]
[BlackClock "0:01:54"]
[Board "176"]

1. d4 Nf6 2. Nf3 c5 3. d5 g6 4. c4 Bg7 5. Nc3 e6 6. e4 exd5 7. cxd5 O-O 8. Bd3 Re8 9. O-O d6 10. a4 Bg4 11. h3 Bxf3 12. Qxf3 Nbd7 13. Bf4 Ne5 14. Qd1 Nxd3 15. Qxd3 b6 16. Rfe1 a6 17. Rad1 Qc7 18. Qg3 Rad8 19. e5 Nh5 20. exd6 Qd7 21. Qf3 Rxe1+ 22. Rxe1 Nxf4 23. Qxf4 Qxd6 24. Re8+ Rxe8 25. Qxd6 Re1+ 26. Kh2 Be5+ 27. Qxe5 Rxe5 28. f4 Re3 29. d6 Rd3 30. Ne4 f5 31. d7 fxe4 0-1


[Site "https://www.chess.com"]

[Event "Titled Tuesday Blitz July 4 Early 2023"]
[White "LangesNasenhaar"]
[Black "Zaksaite, Salomeja"]
[BlackFideId "12801496"]
[WhiteElo "2460"]
[BlackElo "2282"]
[Result "1-0"]
[Round "5"]
[TimeControl "180+2"]
[Date "2023.07.04"]
[WhiteClock "0:01:22"]
[BlackClock "0:00:52"]
[Board "177"]

1. d4 Nf6 2. Nc3 d5 3. Bf4 a6 4. e3 b5 5. a3 Bf5 6. Nf3 e6 7. Ne5 Bd6 8. g4 Bg6 9. h4 h6 10. Nxg6 fxg6 11. Bd3 Kf7 12. Qf3 Bxf4 13. Qxf4 Qd6 14. Qf3 Nd7 15. e4 dxe4 16. Nxe4 Qd5 17. O-O-O Qa2 18. g5 hxg5 19. hxg5 Rxh1 20. Rxh1 Qa1+ 21. Kd2 Qxb2 22. gxf6 Qxd4 23. Ng5+ 1-0


[Site "https://www.chess.com"]

[Event "Titled Tuesday Blitz July 4 Early 2023"]
[White "Toncheva, Nadya"]
[Black "agvania123"]
[WhiteFideId "2924056"]
[WhiteElo "2458"]
[BlackElo "2272"]
[Result "1-0"]
[Round "5"]
[TimeControl "180+2"]
[Date "2023.07.04"]
[WhiteClock "0:00:18"]
[BlackClock "0:00:02"]
[Board "178"]

1. d4 Nf6 2. c4 e6 3. Nc3 b6 4. e4 Bb7 5. Bd3 Bb4 6. f3 d6 7. Ne2 Nbd7 8. O-O O-O 9. a3 Bxc3 10. Nxc3 e5 11. d5 Nc5 12. Bc2 a5 13. Be3 Ne8 14. b4 Nd7 15. Qd2 g6 16. Ne2 Ng7 17. Kh1 f5 18. exf5 Nxf5 19. Bg5 Qe8 20. Be4 Qf7 21. Rfc1 Nf6 22. Bxf5 gxf5 23. Nc3 Qg6 24. Nb5 Rf7 25. Bxf6 Qxf6 26. c5 bxc5 27. bxc5 dxc5 28. Rxc5 Qb6 29. Rac1 Rc8 30. d6 c6 31. Nc7 Rd8 32. Ne6 Rdd7 33. Rxe5 c5 34. Nxc5 Rxd6 35. Re8+ Kg7 36. Qg5+ Rg6 37. Qf4 Qb2 38. Ne6+ Kf6 39. Qh4+ Ke5 40. Nc7+ Kd6 41. Qf4+ Kd7 42. Rd1+ Kc6 43. Qc4+ Kb6 44. Re6+ Rxe6 45. Qxe6+ Kxc7 46. Qxf7+ Kb6 47. Qe6+ Bc6 48. Qxf5 Qe2 49. Rb1+ Kc7 50. Qxh7+ Kd6 51. Qg6+ Kc7 52. Qg7+ Kd6 53. Qd4+ Kc7 54. Qb6+ Kd7 55. Qa7+ Kd6 56. Qxa5 Bxf3 57. Qd8+ Kc6 58. Qa8+ Kd6 59. Qxf3 Qa2 60. Rd1+ Kc7 61. Qc3+ Kb6 62. Rd6+ Ka7 63. Qc7+ 1-0


[Site "https://www.chess.com"]

[Event "Titled Tuesday Blitz July 4 Early 2023"]
[White "rionelG"]
[Black "Sanhueza, Cristian"]
[BlackFideId "116815"]
[WhiteElo "2270"]
[BlackElo "2450"]
[Result "0-1"]
[Round "5"]
[TimeControl "180+2"]
[Date "2023.07.04"]
[WhiteClock "0:00:00"]
[BlackClock "0:00:31"]
[Board "179"]

1. e4 e5 2. Nf3 d5 3. Nxe5 dxe4 4. d4 Nd7 5. Nc4 Nb6 6. Ne3 Nf6 7. c4 c5 8. d5 Bd6 9. Nc3 Qe7 10. Qc2 a6 11. Be2 O-O 12. O-O Qe5 13. g3 Bh3 14. Re1 h5 15. Bf1 Bxf1 16. Nxf1 Rae8 17. Bf4 Qe7 18. Bxd6 Qxd6 19. b3 Qe5 20. Nd2 h4 21. Ndxe4 h3 22. Nxf6+ Qxf6 23. Qd3 Nd7 24. Ne4 Qg6 25. Re3 Ne5 26. Qe2 Ng4 27. Nd6 Nxe3 28. Nxe8 Nf5 29. Re1 Nd4 30. Qe7 Nf3+ 31. Kf1 Qd3+ 32. Qe2 Nxh2+ 0-1


[Site "https://www.chess.com"]

[Event "Titled Tuesday Blitz July 4 Early 2023"]
[White "Martin, Lewis"]
[Black "Streltsov, Alexey"]
[WhiteFideId "410551"]
[BlackFideId "24104434"]
[WhiteElo "2262"]
[BlackElo "2425"]
[Result "0-1"]
[Round "5"]
[TimeControl "180+2"]
[Date "2023.07.04"]
[WhiteClock "0:00:06"]
[BlackClock "0:00:36"]
[Board "180"]

1. e4 c6 2. d4 d5 3. Nc3 dxe4 4. Nxe4 Nf6 5. Nxf6+ exf6 6. c3 Bd6 7. Bd3 Na6 8. Ne2 Nc7 9. Qc2 Be6 10. a3 Nd5 11. c4 Ne7 12. Be3 g6 13. O-O-O h5 14. Rhe1 Kf8 15. f4 Nf5 16. Bf2 Qc7 17. g3 Rd8 18. c5 Be7 19. Bc4 Bxc4 20. Qxc4 Kg7 21. d5 cxd5 22. Rxd5 Rxd5 23. Qxd5 Bxc5 24. Bxc5 Rc8 25. Kb1 Qxc5 26. Qxc5 Rxc5 27. Nc3 Nd4 28. Re7 Nf3 29. h4 g5 30. hxg5 fxg5 31. Rxb7 h4 32. gxh4 gxh4 33. Ne4 h3 34. Nxc5 h2 35. Rxa7 h1=Q+ 36. Ka2 Nd2 37. a4 Qd5+ 0-1


[Site "https://www.chess.com"]

[Event "Titled Tuesday Blitz July 4 Early 2023"]
[White "laimis61"]
[Black "Mickiewicz, Piotr"]
[BlackFideId "1114891"]
[WhiteElo "2261"]
[BlackElo "2424"]
[Result "0-1"]
[Round "5"]
[TimeControl "180+2"]
[Date "2023.07.04"]
[WhiteClock "0:01:05"]
[BlackClock "0:00:52"]
[Board "181"]

1. e4 c5 2. Nf3 d6 3. d4 cxd4 4. Nxd4 Nf6 5. Nc3 Nc6 6. Bg5 e6 7. Qd2 h6 8. Be3 Ng4 9. Nxc6 bxc6 10. Bf4 e5 11. Bg3 Be6 12. h3 Nf6 13. Be2 Be7 14. O-O O-O 15. b4 Rb8 16. a3 a5 17. bxa5 Qxa5 18. Rfd1 Rfd8 19. Nd5 Qxd2 20. Nxe7+ Kf8 21. Rxd2 Kxe7 22. a4 Nxe4 23. Rdd1 Nxg3 24. fxg3 Rb2 25. Bf3 d5 26. c4 e4 27. cxd5 cxd5 28. Bg4 f5 29. Bh5 d4 30. a5 d3 31. a6 Ra8 32. g4 f4 33. Bg6 Bd5 34. Ra4 e3 35. Bxd3 Rxg2+ 36. Kf1 Rf2+ 37. Ke1 g5 38. Rb1 Rh2 39. a7 Rh1+ 40. Bf1 f3 41. Rb8 e2 0-1


[Site "https://www.chess.com"]

[Event "Titled Tuesday Blitz July 4 Early 2023"]
[White "Modric, Nesa"]
[Black "Hoffmann, Asa"]
[WhiteFideId "922579"]
[BlackFideId "2001470"]
[WhiteElo "2255"]
[BlackElo "2421"]
[Result "0-1"]
[Round "5"]
[TimeControl "180+2"]
[Date "2023.07.04"]
[WhiteClock "0:00:00"]
[BlackClock "0:00:59"]
[Board "182"]

1. d4 Nf6 2. Nf3 d6 3. Bg5 Nbd7 4. Nbd2 e5 5. e4 Be7 6. c3 c6 7. h3 Qc7 8. Qc2 Nf8 9. dxe5 dxe5 10. a4 Ng6 11. Be2 Be6 12. O-O h6 13. Be3 O-O 14. Rfe1 b6 15. Bc4 Qc8 16. Qb3 Bxc4 17. Qxc4 Re8 18. b4 Bf8 19. a5 b5 20. Qb3 a6 21. Rad1 c5 22. bxc5 Bxc5 23. Bxc5 Qxc5 24. Nf1 Rac8 25. Re3 Qc4 26. Qxc4 Rxc4 27. Rd6 Nxe4 28. Rxa6 Nxc3 29. N1d2 Rcc8 30. Rb6 Nd5 31. Rxb5 Nxe3 32. fxe3 Ra8 33. Nc4 f6 34. h4 Reb8 35. Rd5 Ne7 36. Rd7 Kf8 37. h5 Ke8 38. Rc7 Kd8 39. Rc5 Rc8 40. Rxc8+ Rxc8 41. Nd6 Rc6 42. Ne4 Ra6 43. Nc5 Rc6 44. Ne4 Nd5 45. Kf2 Ke7 46. Nh4 Ke6 47. Ng6 f5 48. Ng3 Ra6 49. e4 fxe4 50. Nxe4 Rxa5 51. g4 Nf4 52. Ng3 Nxg6 53. hxg6 Kf6 0-1


[Site "https://www.chess.com"]

[Event "Titled Tuesday Blitz July 4 Early 2023"]
[White "Vivas Zamora, Fabian Ernesto"]
[Black "Xavier_mompel"]
[WhiteFideId "3902480"]
[WhiteElo "2420"]
[BlackElo "2240"]
[Result "1-0"]
[Round "5"]
[TimeControl "180+2"]
[Date "2023.07.04"]
[WhiteClock "0:00:04"]
[BlackClock "0:00:00"]
[Board "183"]

1. e4 c5 2. Nc3 e6 3. Nge2 Nc6 4. d4 cxd4 5. Nxd4 Qc7 6. Be3 a6 7. Qf3 Nf6 8. O-O-O Be7 9. Be2 O-O 10. Qg3 Qxg3 11. hxg3 b5 12. Nxc6 dxc6 13. f3 e5 14. g4 Be6 15. g5 Nd7 16. Rh5 Rfd8 17. Rdh1 Nf8 18. a3 a5 19. Nb1 b4 20. a4 b3 21. c3 c5 22. Nd2 Rac8 23. Bb5 c4 24. g3 Rd3 25. Bb6 g6 26. R5h2 Bxg5 27. Rf1 Be3 28. Bxe3 Rxe3 29. f4 Rxg3 30. f5 Bd7 31. Bxc4 Be8 32. Bxb3 Rd8 33. Nc4 Rb8 34. Kc2 Bc6 35. Nd6 g5 36. Bxf7+ Kg7 37. Bd5 Bxd5 38. exd5 Re3 39. f6+ Kg8 40. Nf5 1-0


[Site "https://www.chess.com"]

[Event "Titled Tuesday Blitz July 4 Early 2023"]
[White "CarolinaLujan"]
[Black "Ncatt"]
[WhiteElo "2218"]
[BlackElo "2417"]
[Result "1-0"]
[Round "5"]
[TimeControl "180+2"]
[Date "2023.07.04"]
[WhiteClock "0:01:37"]
[BlackClock "0:02:17"]
[Board "184"]

1. e4 g6 2. d4 Bg7 3. Nf3 a6 4. Be2 b5 5. O-O Bb7 6. e5 d6 7. Bd3 Nd7 8. e6 fxe6 9. Ng5 Nf8 10. Re1 Qd7 11. Be4 Bxe4 12. Rxe4 h6 13. Nh3 Nf6 14. Re1 N8h7 15. Qd3 Kf7 16. Nf4 Nf8 17. Nc3 g5 18. Nfe2 Qc6 19. Ng3 b4 20. Nce2 Qb5 21. Qf3 Qd5 22. Qd3 h5 23. c4 b3 24. cxd5 1-0


[Site "https://www.chess.com"]

[Event "Titled Tuesday Blitz July 4 Early 2023"]
[White "Nakhbayeva, Guliskhan"]
[Black "Mazurkiewicz, Michal"]
[WhiteFideId "13704788"]
[BlackFideId "1124943"]
[WhiteElo "2208"]
[BlackElo "2417"]
[Result "1-0"]
[Round "5"]
[TimeControl "180+2"]
[Date "2023.07.04"]
[WhiteClock "0:00:04"]
[BlackClock "0:00:00"]
[Board "185"]

1. d4 Nf6 2. Nf3 g6 3. Nbd2 d5 4. e3 Bg7 5. b4 O-O 6. a4 c6 7. Bb2 Bf5 8. c4 Nbd7 9. Be2 Re8 10. O-O h6 11. b5 g5 12. h3 Ne4 13. Qb3 Nxd2 14. Nxd2 e5 15. cxd5 cxd5 16. Qxd5 Nb6 17. Qxd8 Raxd8 18. e4 exd4 19. Bd3 Be6 20. Rfc1 Rc8 21. a5 Nd7 22. Nf3 Nc5 23. Rd1 Bb3 24. Rd2 Nxe4 25. Bxe4 Rxe4 26. Bxd4 Bc4 27. Bxg7 Kxg7 28. Rd7 Bxb5 29. Rxb7 a6 30. Rd1 Rc2 31. Nd4 Ra2 32. Nxb5 axb5 33. Rxb5 Ree2 34. Rf1 Kg6 35. Rb6+ f6 36. Ra6 h5 37. Ra7 Kf5 38. a6 Kf4 39. Ra8 f5 40. a7 g4 41. hxg4 hxg4 42. g3+ Kf3 43. Rf8 Rxa7 44. Rxf5+ Ke4 45. Rf4+ Ke5 46. Rxg4 Raa2 47. Rf4 Ke6 48. Kg2 Ke5 49. Rf3 Ke4 50. Rc3 Ke5 51. Rcc1 Kf5 52. Rce1 Red2 53. Re3 Kg4 54. Re4+ Kf5 55. Rb4 Kg5 56. g4 Rd3 57. Rb5+ Kxg4 58. Rb4+ Kf5 59. Re1 Rdd2 60. Rf1 Ke5 61. Rb3 Ke4 62. Re3+ Kf4 63. Rf3+ Kg4 64. Rg3+ Kf4 65. Rf3+ Ke5 66. Re3+ Kd4 67. Rf3 Kc4 68. Re1 Rd4 69. Ree3 Ra7 70. Rc3+ Kd5 71. Rf5+ Ke4 72. Rff3 Rg7+ 73. Rg3 Rf7 74. Rcf3 Re7 75. Rg4+ Kd5 76. Rxd4+ Kxd4 77. Rf4+ Ke5 78. Ra4 Rg7+ 79. Kf3 Rf7+ 80. Ke3 Rb7 81. Ra5+ Kf6 82. f3 Rb3+ 83. Kf4 Rb4+ 84. Kg3 Rb3 85. Kg4 Rb1 86. f4 Rg1+ 87. Kf3 Rf1+ 88. Ke3 Re1+ 89. Kf2 Re4 90. Kf3 Re1 91. Ra6+ Kf5 92. Ra5+ Kf6 93. Ra2 Rh1 94. Ke4 Re1+ 95. Kf3 Rf1+ 96. Ke4 Rh1 97. Kf3 Rh3+ 98. Ke4 Rh1 99. Ra6+ Ke7 100. Ke5 Re1+ 101. Kf5 Rb1 102. Ra7+ Kd6 103. Kg6 Rg1+ 104. Kf6 Rf1 105. f5 Rg1 106. Kf7 Rf1 107. f6 Rf2 108. Re7 Rf3 109. Re1 Rf2 110. Kg7 Rg2+ 111. Kf8 Rf2 112. f7 Kd7 113. Rd1+ Kc8 114. Rd3 Kc7 115. Rd5 Kc6 116. Rg5 Kd7 117. Kg7 Ke7 118. Re5+ Kd6 119. Rg5 Ke7 120. Re5+ Kd6 121. Re4 Rg2+ 122. Kf8 Rf2 123. Rd4+ Kc7 124. Ke7 Re2+ 125. Kf6 Rf2+ 126. Ke6 Re2+ 127. Kf5 Re7 128. Kf6 Re2 129. f8=Q Rf2+ 130. Ke7 1-0


[Site "https://www.chess.com"]

[Event "Titled Tuesday Blitz July 4 Early 2023"]
[White "VoicelessFeather"]
[Black "Bazilius, Augustinas"]
[BlackFideId "12832251"]
[WhiteElo "2208"]
[BlackElo "2413"]
[Result "1-0"]
[Round "5"]
[TimeControl "180+2"]
[Date "2023.07.04"]
[WhiteClock "0:00:06"]
[BlackClock "0:00:02"]
[Board "186"]

1. e4 e6 2. d4 d5 3. Nd2 c5 4. exd5 Qxd5 5. Ngf3 cxd4 6. Bc4 Qd6 7. O-O Nf6 8. Nb3 Nc6 9. Nbxd4 Nxd4 10. Nxd4 a6 11. c3 Be7 12. Qf3 O-O 13. Bf4 e5 14. Bg3 Qc5 15. Qe2 exd4 16. cxd4 Qxd4 17. Rfd1 Bg4 18. Rxd4 Bxe2 19. Bxe2 Rfd8 20. Rxd8+ Rxd8 21. Bf3 b5 22. h3 Rd2 23. Re1 Bf8 24. Be5 Bc5 25. Re2 Rxe2 26. Bxe2 Nd7 27. Bg3 Bd4 28. b3 Be5 29. Bf3 Bxg3 30. fxg3 Kf8 31. b4 Ke7 32. Bb7 Nb8 33. Kf2 Kd6 34. Ke3 Kc7 35. Be4 Nd7 36. Kd4 Kd6 37. Bb7 Nb8 38. Bc8 Kc7 39. Bg4 Kd6 40. Bf3 f6 41. g4 Nd7 42. Be4 Ne5 43. Bxh7 Nc6+ 44. Kc3 Ke5 45. Bf5 Kf4 46. Bc8 Nb8 47. Kd4 Kg3 48. Kc5 Kxg2 49. h4 Kg3 50. h5 Kf4 51. Kb6 Kg5 52. Kc7 f5 53. Bxf5 a5 54. bxa5 Na6+ 55. Kb6 Nb4 56. a6 Nxa2 57. a7 Nb4 58. a8=Q 1-0


[Site "https://www.chess.com"]

[Event "Titled Tuesday Blitz July 4 Early 2023"]
[White "GAO"]
[Black "Thiel, Thomas"]
[BlackFideId "4615964"]
[WhiteElo "2407"]
[BlackElo "2203"]
[Result "0-1"]
[Round "5"]
[TimeControl "180+2"]
[Date "2023.07.04"]
[WhiteClock "0:01:13"]
[BlackClock "0:02:07"]
[Board "187"]

1. e4 d5 2. exd5 Nf6 3. d4 Nxd5 4. Nf3 g6 5. Be2 Bg7 6. O-O O-O 7. Re1 Nc6 8. c4 Nb6 9. d5 Na5 10. Nbd2 c6 11. dxc6 Nxc6 12. Nf1 Be6 13. Ne3 Nd4 14. Bd2 Nxe2+ 15. Qxe2 Bxb2 16. Rab1 Bg7 17. Ba5 Rc8 18. Red1 Qc7 19. Rdc1 Qc6 20. Bxb6 axb6 21. Nd5 Bxd5 22. cxd5 Qxc1+ 23. Rxc1 Rxc1+ 24. Ne1 Bc3 25. Qxe7 Rxe1+ 26. Qxe1 Bxe1 0-1


[Site "https://www.chess.com"]

[Event "Titled Tuesday Blitz July 4 Early 2023"]
[White "Carrasco Miranda, Andres"]
[Black "Kiseleva, Arina"]
[WhiteFideId "3405990"]
[BlackFideId "4164989"]
[WhiteElo "2405"]
[BlackElo "2201"]
[Result "1-0"]
[Round "5"]
[TimeControl "180+2"]
[Date "2023.07.04"]
[WhiteClock "0:00:27"]
[BlackClock "0:00:00"]
[Board "188"]

1. d4 Nf6 2. c4 e6 3. g3 Bb4+ 4. Nd2 O-O 5. Bg2 Qe7 6. Nf3 a5 7. O-O Bxd2 8. Bxd2 d6 9. Bc3 Ne4 10. Qc2 Nxc3 11. Qxc3 f5 12. Rfe1 Nd7 13. e4 f4 14. e5 c6 15. Qa3 c5 16. exd6 Qxd6 17. Rad1 fxg3 18. hxg3 Qb6 19. Ng5 Nf6 20. dxc5 Qb4 21. Nxe6 Bxe6 22. Rxe6 Qxa3 23. bxa3 Rab8 24. Rb6 Rf7 25. c6 Rc7 26. cxb7 Rxc4 27. Bd5+ Nxd5 28. Rxd5 Rc7 29. Rdb5 a4 30. Kg2 Kf7 31. Rb4 Ke7 32. g4 h6 33. Kg3 Kf7 34. Kf4 Kg8 35. f3 Rc2 36. Rxa4 Rxa2 37. Ra8 1-0


[Site "https://www.chess.com"]

[Event "Titled Tuesday Blitz July 4 Early 2023"]
[White "Kuznetsov, Mikhail"]
[Black "Vila Dupla, Aurelio"]
[WhiteFideId "4117190"]
[BlackFideId "2203383"]
[WhiteElo "2397"]
[BlackElo "2185"]
[Result "1-0"]
[Round "5"]
[TimeControl "180+2"]
[Date "2023.07.04"]
[WhiteClock "0:00:01"]
[BlackClock "0:00:00"]
[Board "189"]

1. Nf3 Nf6 2. g3 g6 3. b3 Bg7 4. Bb2 O-O 5. Bg2 d6 6. d4 e5 7. dxe5 Ng4 8. O-O Nxe5 9. Nxe5 Bxe5 10. Bxe5 dxe5 11. Qc1 c6 12. Rd1 Qe7 13. Qa3 Qxa3 14. Nxa3 Bg4 15. Rd2 Na6 16. Nc4 f6 17. Rad1 Nc5 18. Na5 Rab8 19. h3 Bf5 20. g4 Be6 21. c4 Kf7 22. b4 Na4 23. b5 cxb5 24. cxb5 Nc3 25. Rc1 Nxb5 26. Nxb7 Rfc8 27. Rb1 Nc3 28. Nd6+ Kg7 29. Re1 Rd8 30. Rc1 Rb6 31. Rxc3 Rbxd6 32. Rc7+ R8d7 33. Rxd7+ Rxd7 34. Rxd7+ Bxd7 35. Kf1 Bb5 36. Ke1 Kf7 37. Kd2 Ke7 38. e3 Kd6 39. Kc3 g5 40. Kb4 Bd7 41. a3 Kc7 42. Be4 1-0


[Site "https://www.chess.com"]

[Event "Titled Tuesday Blitz July 4 Early 2023"]
[White "Feliz Dotel, Dewar Bienvenido"]
[Black "Buscar, Michael"]
[WhiteFideId "6402801"]
[BlackFideId "2603616"]
[WhiteElo "2178"]
[BlackElo "2390"]
[Result "0-1"]
[Round "5"]
[TimeControl "180+2"]
[Date "2023.07.04"]
[WhiteClock "0:00:00"]
[BlackClock "0:00:16"]
[Board "190"]

1. d4 d5 2. e3 Nf6 3. Nf3 Bg4 4. Be2 e6 5. O-O Be7 6. Nbd2 O-O 7. b3 a5 8. a3 a4 9. b4 Nbd7 10. c4 dxc4 11. Nxc4 Ne4 12. Bb2 Nd6 13. Nce5 Nxe5 14. Nxe5 Bxe2 15. Qxe2 Bf6 16. Nf3 b5 17. Nd2 Re8 18. Rac1 e5 19. dxe5 Bxe5 20. Bxe5 Rxe5 21. Rfd1 Rd5 22. Nf3 Nc4 23. Rxd5 Qxd5 24. Nd4 Nxa3 25. Rxc7 Nc4 26. h3 a3 27. Nxb5 Qxb5 28. Rxc4 Qxc4 29. Qxc4 a2 30. h4 a1=Q+ 31. Kh2 Qe5+ 32. g3 h5 33. b5 Rb8 34. b6 Rxb6 35. Qc8+ Kh7 36. Qc2+ g6 37. Qc4 Qf5 38. Kg2 Rb2 39. Qf1 Qe4+ 40. Kg1 Rb1 0-1


[Site "https://www.chess.com"]

[Event "Titled Tuesday Blitz July 4 Early 2023"]
[White "Sanchez, Robert"]
[Black "Slavin, Alexey"]
[WhiteFideId "2034360"]
[BlackFideId "24104388"]
[WhiteElo "2142"]
[BlackElo "2386"]
[Result "1-0"]
[Round "5"]
[TimeControl "180+2"]
[Date "2023.07.04"]
[WhiteClock "0:01:36"]
[BlackClock "0:00:20"]
[Board "191"]

1. e4 Nc6 2. Nf3 d6 3. Nc3 Nf6 4. d4 Bg4 5. d5 Bxf3 6. Qxf3 Ne5 7. Qe2 g6 8. f4 Ned7 9. Bd2 c6 10. O-O-O cxd5 11. Nxd5 Nxd5 12. exd5 Bg7 13. h4 Nf6 14. Bc3 O-O 15. h5 Nxh5 16. Bxg7 Nxg7 17. g4 h5 18. Qh2 Rc8 19. gxh5 Nxh5 20. Be2 Kg7 21. Bxh5 Rh8 22. Qg1 Qc7 23. Rd2 Qc4 24. Kb1 Qxf4 25. Rf2 Qe5 26. Rxf7+ Kxf7 27. Qxg6+ 1-0


[Site "https://www.chess.com"]

[Event "Titled Tuesday Blitz July 4 Early 2023"]
[White "Singgih, Diajeng Theresa"]
[Black "Wartiovaara, Oliver"]
[WhiteFideId "7104391"]
[BlackFideId "513024"]
[WhiteElo "2114"]
[BlackElo "2378"]
[Result "0-1"]
[Round "5"]
[TimeControl "180+2"]
[Date "2023.07.04"]
[WhiteClock "0:00:00"]
[BlackClock "0:00:11"]
[Board "192"]

1. e4 e6 2. d4 d5 3. exd5 Qxd5 4. Nf3 Nf6 5. c4 Bb4+ 6. Bd2 Bxd2+ 7. Nbxd2 Qa5 8. Bd3 O-O 9. O-O Rd8 10. Nb3 Qh5 11. Re1 Na6 12. a3 Bd7 13. Re5 Qh6 14. Ng5 Ba4 15. Nxh7 Bxb3 16. Qxb3 Nxh7 17. Qxb7 Nf6 18. Qxa6 Rxd4 19. Re3 Ng4 20. Rh3 Qd2 21. Bh7+ Kf8 22. Rf1 Rf4 23. Qc6 Rd8 24. Rf3 Rxf3 25. Qxf3 Nf6 26. Be4 Qxb2 27. Bc6 Qd2 28. Qe3 Qxe3 29. fxe3 Rd3 30. a4 Rxe3 31. Rb1 Ke7 32. Rb7 Kd6 33. Bb5 Ng4 34. Kf1 Ra3 35. Rxa7 Ne5 36. Ra8 c6 37. Ba6 Rxa4 38. Bb7 Rxa8 39. Bxa8 Kc5 40. Bb7 Kxc4 41. Ke2 Kb5 42. Ke3 Kb6 43. Bc8 Ng4+ 44. Kf4 Nf6 45. Ke5 c5 46. Kd6 c4 47. Ke7 c3 48. Kxf7 c2 49. Kxg7 c1=Q 0-1


[Site "https://www.chess.com"]

[Event "Titled Tuesday Blitz July 4 Early 2023"]
[White "Gaal, Zsoka"]
[Black "Lisjak, Zlatko"]
[WhiteFideId "777765"]
[BlackFideId "14502186"]
[WhiteElo "2371"]
[BlackElo "2128"]
[Result "1-0"]
[Round "5"]
[TimeControl "180+2"]
[Date "2023.07.04"]
[WhiteClock "0:00:16"]
[BlackClock "0:00:00"]
[Board "193"]

1. Nf3 d6 2. b3 Bg4 3. Bb2 Nd7 4. g3 e5 5. Bg2 f5 6. h3 Bxf3 7. Bxf3 e4 8. Bg2 Ngf6 9. d3 d5 10. c4 c6 11. cxd5 cxd5 12. dxe4 fxe4 13. O-O e3 14. fxe3 Bd6 15. g4 Qe7 16. Bd4 O-O 17. Nc3 Nb6 18. g5 Nh5 19. Nxd5 Qxg5 20. Bxb6 axb6 21. Rf3 Qe5 22. Nf4 Nxf4 23. exf4 Rxf4 24. Rd3 Bc7 25. Rd5 Qe3+ 26. Kh1 Rh4 27. Qd3 Qf2 28. Rf1 1-0


[Site "https://www.chess.com"]

[Event "Titled Tuesday Blitz July 4 Early 2023"]
[White "Sailer, Mike"]
[Black "Koridze, Lile"]
[WhiteFideId "2012901"]
[BlackFideId "13612514"]
[WhiteElo "2093"]
[BlackElo "2368"]
[Result "1-0"]
[Round "5"]
[TimeControl "180+2"]
[Date "2023.07.04"]
[WhiteClock "0:00:07"]
[BlackClock "0:00:06"]
[Board "194"]

1. d4 Nf6 2. Nc3 d5 3. Bf4 c6 4. Nf3 h6 5. Ne5 Bf5 6. e3 e6 7. g4 Be4 8. f3 Bh7 9. h4 Nbd7 10. g5 Nh5 11. g6 Bxg6 12. Nxg6 fxg6 13. Qd3 Qf6 14. Be5 Nxe5 15. dxe5 Qxf3 16. Qxg6+ Qf7 17. Qg4 Be7 18. Bd3 g5 19. Rf1 Qg7 20. Qxh5+ Kd7 21. O-O-O Qxe5 22. e4 Rag8 23. exd5 exd5 24. Rde1 Qd6 25. Bf5+ Kc7 26. Qf7 Re8 27. Bg6 Rhf8 28. Qxe8 Rxe8 29. Bxe8 gxh4 30. Rf7 Kb6 31. Rfxe7 Qf4+ 32. Kb1 h3 33. Rd1 h2 34. Ree1 Qg3 35. Bd7 Qf2 36. Bg4 h5 37. Bxh5 Qg3 38. Bf7 Qf2 39. Be6 Qg3 40. Rh1 Qf2 41. Bg4 Qg3 42. Be2 Qf2 43. a3 Kc7 44. Rdf1 Qg2 45. Bd1 Qd2 46. Ne2 a5 47. Ng3 a4 48. Ne2 Qh6 49. Rf2 Qe3 50. Rfxh2 Qd2 51. Ka1 Qe3 52. Kb1 Qd2 53. Nc1 Qe3 54. Nd3 Qd4 55. Rh4 Qe3 56. Rxa4 Qd2 57. Rah4 b5 58. R4h2 Qe3 59. Re1 Qg3 60. Rhe2 Qh4 61. Re7+ Kb6 62. Nc1 Qg3 63. Nb3 Qf2 64. R1e2 Qf1 65. Re1 Qf2 66. Rh1 Qg2 67. Rhh7 Qg1 68. Rb7+ Ka6 69. Ra7+ Qxa7 70. Rxa7+ Kxa7 71. Nc5 Kb6 72. Nd3 c5 73. b4 c4 74. Nc5 1-0


[Site "https://www.chess.com"]

[Event "Titled Tuesday Blitz July 4 Early 2023"]
[White "Jaivardhan Raj"]
[Black "Ahn, Hongjin"]
[WhiteFideId "25744437"]
[BlackFideId "13201492"]
[WhiteElo "2091"]
[BlackElo "2366"]
[Result "0-1"]
[Round "5"]
[TimeControl "180+2"]
[Date "2023.07.04"]
[WhiteClock "0:00:15"]
[BlackClock "0:01:06"]
[Board "195"]

1. e4 e6 2. d4 d5 3. Nd2 c5 4. exd5 Qxd5 5. Ngf3 cxd4 6. Bc4 Qd6 7. O-O Nc6 8. Nb3 a6 9. a4 Nf6 10. Nbxd4 Be7 11. c3 O-O 12. Be3 Rd8 13. Qe2 Qc7 14. Nxc6 Qxc6 15. a5 Nd5 16. Nd4 Qc7 17. Bxd5 Rxd5 18. c4 Rxa5 19. Rxa5 Qxa5 20. Rd1 Bd7 21. Nb3 Qc7 22. c5 Bc6 23. Bd2 Ba4 24. Ba5 Qc6 25. Qd3 Bxb3 26. Qxb3 Bxc5 27. Qc3 b6 28. Bb4 h6 29. Bxc5 Qxc5 30. Qxc5 bxc5 31. Rc1 Rb8 32. Rxc5 Rxb2 33. Kf1 Rb8 34. Ra5 Ra8 35. Ke2 Kf8 36. Kd3 Ke7 37. Kc4 Kd6 38. f3 Kc6 39. g4 Kb6 40. Ra2 a5 41. Rb2+ Kc6 42. Ra2 a4 43. Kb4 a3 44. Rxa3 Rxa3 45. Kxa3 Kd5 46. Kb4 Kd4 47. h4 Ke3 48. Kc5 Kxf3 49. Kd6 Kxg4 50. Ke7 Kxh4 51. Kxf7 e5 52. Kxg7 e4 53. Kxh6 e3 54. Kg7 e2 55. Kg6 e1=Q 56. Kg7 Qe6 57. Kf8 Qd7 58. Kg8 Qe7 59. Kh8 Kg5 60. Kg8 Kg6 61. Kh8 Qe8# 0-1


[Site "https://www.chess.com"]